 Dungeon Crawl Stone Soup version 0.29.1-2-gbd0b4ee654 (webtiles) character file.

Game seed: 5917685421188777933

11 tizbic2 the Cudgeller (level 2, -3/31 HPs)
             Began as an Ogre Gladiator on Oct 27, 2022.
             Succumbed to a kobold's poison
             ... on level 1 of the Dungeon.
             The game lasted 00:01:57 (275 turns).

tizbic2 the Cudgeller (Ogre Gladiator)               Turns: 275, Time: 00:01:58

Health: -3/31      AC:  3    Str: 17    XL:     2   Next: 29%
Magic:  2/2        EV: 10    Int:  9    God:
Gold:   23         SH:  0    Dex: 10    Spells: 1/1 levels left

rFire   . . .      SeeInvis .   a - +0 flail
rCold   . . .      Faith    .   (no shield)
rNeg    . . .      Spirit   .   b - +0 robe
rPois   .          Reflect  .   c - +0 hat
rElec   .          Harm     .   (no cloak)
rCorr   .          Rampage  .   (gloves unavailable)
Will    .....                   (boots unavailable)
Stlth   +.........              (no amulet)
HPRegen 0.10/turn               k - ring of wizardry
MPRegen 0.08/turn               (no ring)

@: lethally poisoned (-3 -> -22), flying
A: large, unfitting armour, tough skin 1
a: no special abilities


You were on level 1 of the Dungeon.
You visited 1 branch of the dungeon, and saw 1 of its levels.

You collected 23 gold pieces.

Inventory:

Hand Weapons
 a - a +0 flail (weapon)
Missiles
 e - a large rock (quivered)
 g - 5 stones
 j - 3 poisoned darts
Armour
 b - a +0 robe (worn)
 c - a +0 hat (worn)
Jewellery
 k - a ring of wizardry (left hand)
Scrolls
 f - a scroll of magic mapping {unknown}
 h - a scroll of silence {unknown}
 i - a scroll of blinking {unknown}
 l - a scroll of fog {unknown}
 m - 2 scrolls of vulnerability {unknown}


   Skills:
 + Level 3.0 Fighting
 * Level 3.0 Maces & Flails
 + Level 2.1 Throwing
 + Level 2.8 Dodging


You had one spell level left.
You didn't know any spells.
Your spell library was empty.

Dungeon Overview and Level Annotations

Branches:
Dungeon (1/15)

Altars:


Innate Abilities, Weirdness & Mutations

You are too large for most types of armour.
You have tough skin. (AC +1)


Message History

n - a +0 short sword You drop a +0 short sword.
n - a bubbling white potion You start resting.
A kobold comes into view. It is wielding a +1 dagger of venom.
The kobold hits you but does no damage.
You are poisoned.
You hit the kobold.
The kobold is moderately wounded.
You feel very sick. The kobold closely misses you.
You closely miss the kobold.
The kobold is moderately wounded.
You feel sick. The kobold hits you but does no damage.
You closely miss the kobold.
The kobold is moderately wounded.
You feel sick.
The kobold hits you with a +1 dagger of venom.
You are lethally poisoned!
The kobold hits you with a +1 dagger of venom.
You are more poisoned.
Throw: 2 throwing nets
Press: ? - help, Shift-Dir - straight line, f - kobold
Aim: a kobold, wielding a +1 dagger of venom (moderately wounded, 50% to hit)
You throw a throwing net. The throwing net misses the kobold.
* * * LOW HITPOINT WARNING * * *
You feel very sick. The kobold barely misses you.
Throw: throwing net
Press: ? - help, Q - select action, (/) - cycle Shift-Dir - straight line, f/p - kobold
Aim: a kobold, wielding a +1 dagger of venom (moderately wounded, 50% to hit)
You throw a throwing net. The throwing net hits the kobold.
The kobold is caught in the net!
The kobold is moderately wounded.
* * * LOW HITPOINT WARNING * * *
You feel very sick.
It was a potion of flight.
You feel very buoyant.
You fly up into the air.
You die...

.(# .. #.# #.# ..##.# ##.##
#.#.# ##... #..### ....
#...#### ###..# #......###
..#.K# #........## #.#.@#
#.........# #.#..#
#..........
#.#..######..........
..#####....................
...........................
.....##.##########.........
.###.##)# #.........
#.##.##########.........
#.##.........†.........#


You could see a kobold (caught).

Vanquished Creatures
  A ball python (D:1)
  A bat (D:1)
  2 endoplasms (D:1)
  A giant cockroach (D:1)
  3 jackals (D:1)
  A kobold (D:1)
9 creatures vanquished.

Notes
Turn   | Place    | Note
-------+----------+-------------------------------------------
     0 | D:1      | tizbic2 the Ogre Gladiator began the quest for the Orb.
     0 | D:1      | Reached XP level 1. HP: 22/22 MP: 1/1
   235 | D:1      | Reached XP level 2. HP: 24/29 MP: 2/2
   274 | D:1      | HP: 1/31 [poisoned by a kobold]
   275 | D:1      | Succumbed to a kobold's poison

Illustrated notes

Levels and vault maps discovered:
D:1:      dpeg_cavernosity, layout_loops_ring, amcnicky_mini_corridor_feature

Skill      XL: |  1  2 |
---------------+-------+-----
Maces & Flails | 3 |  3.0
Fighting       | 3 |  3.0
Throwing       | |  2.1
Dodging        | |  2.8

Action                   || total
-------------------------++-------
Melee: Flail             ||    26
Throw: Dart              ||     6
       Throwing net      ||     3
  Use: Potion            ||     1
Armor: Robe              ||    15
Dodge: Dodged            ||    19
